 Dungeon Crawl Stone Soup version v1.0-3-g0d6430d (webtiles) character file.

82 TheOrbIsALie the Chiller (level 4, -1/18 HPs)
             Began as a Water Sprite Ice Elementalist on Sept 22, 2018.
             Slain by a goblin
             ... wielding a +0 club
             ... led by Robin
              (7 damage)
             ... on level 3 of the Dungeon.
             The game lasted 00:03:19 (1498 turns).

TheOrbIsALie the Chiller (WSIE)                     Turns: 1498, Time: 00:03:20

Health: -1/18      AC:  2    Str:  6    XL:     4   Next: 43%
Magic:  8/8        EV: 12    Int: 18    God:
Gold:   87         SH:  0    Dex: 15    Spells: 6/7 levels left

rFire    . . .     SeeInvis +   h - +1 dagger (protect)
rCold    . . .     Gourm    .   (no shield)
rNeg     . . .     Faith    .   a - +0 robe
rPois    .         Spirit   .   (no helmet)
rElec    .         Reflect  .   (no cloak)
rCorr    .         Harm     .   (no gloves)
MR       .....                  (no boots)
Stlth    ++........             (no amulet)
HPRegen  0.06/turn              (no ring)
MPRegen  0.11/turn              (no ring)

@: very slow
A: heal when alone, no scrolls in combat, faster in water, damage resistance,
see invisible, slowness 3
a: Fully Heal


You were on level 3 of the Dungeon.
You were hungry.

You visited 1 branch of the dungeon, and saw 3 of its levels.

You collected 87 gold pieces.

Inventory:

Hand Weapons
 h - a +1 dagger of protection (weapon)
Armour
 a - a +0 robe (worn)
Scrolls
 b - 2 scrolls of identify {unknown}
 i - a scroll of teleportation {unknown}
 j - 2 scrolls of enchant armour {unknown}
Potions
 d - 2 potions of might {unknown}
 e - 2 potions of brilliance {unknown}
 f - a potion of agility {unknown}
 g - 2 potions of haste {unknown}
 k - a potion of degeneration {unknown}
Comestibles
 c - a ration


   Skills:
 - Level 1.7 Dodging
 - Level 2.1 Stealth
 - Level 2.1 Spellcasting
   Level 1.0 Conjurations
 + Level 5.6 Ice Magic


You had 6 spell levels left.
You knew the following spells:

 Your Spells              Type           Power        Failure   Level  Hunger
a - Freeze                Ice            ###.         1%          1    #......


Dungeon Overview and Level Annotations

Branches:
Dungeon (3/15)

Altars:

Annotations:
D:3 Robin


Innate Abilities, Weirdness & Mutations

You heal instantly when no monsters are nearby.
You cannot read scrolls in the presence of monsters.
You can move somewhat faster in water.
You are resistant to damage.
You have supernaturally acute eyesight. (SInv)
You cover ground extremely slowly.


Message History

The hobgoblin closely misses you.
The goblin no longer looks unusually strong. x2
The hobgoblin no longer looks unusually strong.
The goblin no longer looks unusually strong. x2
The goblin unwields an uncursed hunting sling.
The goblin completely misses you.
The goblin hits you but does no damage. x2
The goblin closely misses you. Robin throws the goblin at you!
The goblin hits you with a dagger. The goblin hits you but does no damage.
The goblin barely misses you. The goblin closely misses you.
The goblin misses you. The goblin hits you but does no damage.
A rat comes into view.
Unknown command.
Unknown command.
You barely miss the goblin.
The goblin no longer looks unusually strong.
The goblin hits you. The goblin hits you but does no damage.
Robin roars a battlecry!
The goblins go into a battle-frenzy!
The goblin misses you. The goblin hits you. The goblin hits you with a club!
You die...

#...<...#.......#....##
#.........####.........
#.........##.....r...##
########.).#.##.......#
##.......#......
#...(..!#....#
#ggl(........#
#ggg.g..#....#
#g@gg....g.....
#ggg.........##
#.........#...#
#....####..#...#
...#..# #... ....
##.....# #.... ...
..##... ......... #.#
#..#


You could see Robin, 2 hobgoblins, 10 goblins, a frilled lizard and a rat
(wandering).

Vanquished Creatures
  An adder (D:2)
  An ooze (D:2)
  A worm (D:2)
  A dart slug (D:1)
  2 leopard geckos (D:2)
  2 ball pythons (D:1)
  8 bats
  5 giant cockroaches
  6 hobgoblins
  11 kobolds
  3 frilled lizards (D:2)
  8 goblins
  7 rats
56 creatures vanquished.

Notes
Turn   | Place    | Note
-------+----------+-------------------------------------------
     0 | D:1      | TheOrbIsALie the Water Sprite Ice Elementalist began the quest for the Orb.
     0 | D:1      | Reached XP level 1. HP: 7/7 MP: 4/4
   236 | D:1      | Reached XP level 2. HP: 11/11 MP: 3/6
   287 | D:1      | Reached skill level 4 in Ice Magic
   491 | D:1      | Reached XP level 3. HP: 14/14 MP: 3/7
   915 | D:2      | Reached skill level 5 in Ice Magic
  1009 | D:2      | Reached XP level 4. HP: 18/18 MP: 6/8
  1489 | D:3      | Noticed Robin
  1498 | D:3      | Slain by a goblin

Skill      XL: |  1  2  3 |
---------------+----------+-----
Ice Magic      | 4 5 |  5.6
Dodging        | |  1.7
Stealth        | |  2.1
Spellcasting   | |  2.1
Conjurations   | |  1.0

Action                   |  1- 3 |  4- 6 || total
-------------------------+-------+-------++-------
Melee: Unarmed           |    11 |       ||    11
       Dagger            |     9 |    16 ||    25
 Cast: Freeze            |    50 |    18 ||    68
 Stab: Sleeping          |     1 |     2 ||     3
  Eat: Chunk             |     2 |     2 ||     4
Armor: Robe              |    12 |    16 ||    28
Dodge: Dodged            |    46 |    35 ||    81
